 Dungeon Crawl Stone Soup version 0.31-a0-614-gc85dc1c48c (webtiles) character file.

Game seed: 9032335494185178132

75 Ijustatesigmund the Stinger (level 4, -5/29 HPs)
             Began as an Octopode Venom Mage on Aug 22, 2023.
             Slain by a gnoll
             ... wielding a +0 whip
              (8 damage)
             ... on level 2 of the Dungeon.
             The game lasted 00:02:58 (1616 turns).

Ijustatesigmund the Stinger (Octopode Venom Mage)   Turns: 1616, Time: 00:02:58

Health: -5/29      AC:  1    Str:  7    XL:     4   Next: 31%
Magic:  8/16       EV: 13    Int: 19    God:
Gold:   93         SH:  0    Dex: 12    Spells: 2/8 levels left

rFire   . . .        b - +0 short sword
rCold   . . .        (no shield)
rNeg    . . .        (helmet restricted)
rPois   .            (no amulet)
rElec   .            d - ring of magical power
rCorr   .            (no ring)
SInv    .            (no ring)
Will    .....        (no ring)
Stlth   +++          (no ring)
HPRegen 0.24/turn    (no ring)
MPRegen 0.15/turn    (no ring)
                     (no ring)

%: no passive effects
@: mighty
A: almost no armour, amphibious, 8 rings, camouflage 1, gelatinous body 1,
(nimble swimmer 1), tentacles
a: no special abilities


You were on level 2 of the Dungeon.
You visited 1 branch of the dungeon, and saw 2 of its levels.

You collected 93 gold pieces.

Inventory:

Hand Weapons
 b - a +0 short sword (weapon)
Jewellery
 d - a ring of magical power (left tentacle)
Scrolls
 f - a scroll of silence
Potions
 a - a potion of magic
 c - a potion of enlightenment
 h - a potion of heal wounds {unknown}


   Skills:
 + Level 1.6 Fighting
 - Level 2.0 Dodging
 - Level 2.6 Stealth
 + Level 2.6 Spellcasting
 + Level 0.9 Conjurations
 - Level 1.0 Transmutations
 + Level 1.2 Air Magic
 + Level 4.3 Poison Magic


You had 2 spell levels left.
You knew the following spells:

 Your Spells              Type           Power      Damage    Failure   Level
a - Sting                 Tmut/Pois      48%        1d5       5%          1
b - Poisonous Vapours     Pois/Air       26%        N/A       8%          2
c - Mephitic Cloud        Conj/Pois/Air  10%        N/A       19%         3

Your spell library contained the following spells:

 Spells                   Type           Power      Damage    Failure   Level
 Wereblood                Tmut           6%         N/A       16%         2
 Sublimation of Blood     Necr           2%         N/A       24%         2
 Olgreb's Toxic Radiance  Pois           19%        N/A       26%         4
 Vhi's Electric Charge    Tloc/Air       8%         N/A       36%         3
 Arcjolt                  Conj/Air       3%         1d13      95%         5
 Summon Hydra             Summ           1%         N/A       100%        7
 Maxwell's Capacitive Co  Air            3%         ∞         100%        8


Dungeon Overview and Level Annotations

Branches:
Dungeon (2/15)

Altars:


Innate Abilities, Weirdness & Mutations

You cannot wear most types of armour.
You are amphibious.
You can wear up to eight rings at the same time.
Your skin changes colour to match your surroundings (Stealth+).
Your rubbery body absorbs attacks. (AC +1, EV +1)
((You are camouflaged when in or above water. (Stealth+)))
You have tentacles for arms and can constrict up to eight enemies at once.


Message History

Your magical contamination has completely faded away.
The gnoll hits you with a +0 spear.
The gnoll shouts!
You hit the gnoll but do no damage. You grab the gnoll. You squeeze the gnoll!
You kill the gnoll!
You have reached level 4!
Casting: Poisonous Vapours (safe; 8% risk of failure)
Confirm with . or Enter, or press ? or * to list all spells.
Aiming: Sting (safe; 5% risk of failure)
Press: ? - help, Shift-Dir - straight line, f - gnoll
Aim: a gnoll, wielding a +0 flail (75% to hit)
The sting hits the gnoll.
The gnoll is poisoned.
The gnoll is moderately wounded.
The gnoll misses you.
Casting: Sting (safe; 5% risk of failure)
Confirm with . or Enter, or press ? or * to list all spells.
Aiming: Sting (safe; 5% risk of failure)
Press: ? - help, Shift-Dir - straight line, f/p - gnoll
Aim: a gnoll, wielding a +0 flail (moderately wounded, poisoned, 75% to hit)
The sting hits the gnoll.
The gnoll looks even sicker.
The gnoll is heavily wounded.
The gnoll barely misses you.
You barely miss the gnoll. Your grab misses the gnoll. You squeeze the gnoll.
The gnoll is severely wounded.
The gnoll hits you with a +0 flail!
* * * LOW HITPOINT WARNING * * *
You hit the gnoll but do no damage. You grab the gnoll. You squeeze the gnoll.
You kill the gnoll!
Okay, then.
It was a potion of curing.
You feel better. The gnoll hits you with a +0 whip!
* * * LOW HITPOINT WARNING * * *
Okay, then.
It was a potion of might.
You feel very mighty all of a sudden. The gnoll hits you with a +0 whip.
* * * LOW HITPOINT WARNING * * *
You barely miss the gnoll. You grab the gnoll. You squeeze the gnoll.
The gnoll is heavily wounded.
You constrict the gnoll. The gnoll hits you with a +0 whip!
You die...

#......##### #.###.#..#......
##...#.....## #.# #.##...# ..
#.......#..###.# #.#....####..#
#..##..##...##.###...##......#
#...##[#...........####....#.#
#.....#.##...#...### #..##.#
###..#.##..##.##..## #.## .##.#
.......#......##.#######.###.....
................@g.....$.........
..÷.....########.###..?..........
.......## #........##.g####.#
........# ....#.##.....##
........# ..#.......#####
........# ........#####
.................## ............
###.# .........##


You could see a gnoll.

Vanquished Creatures
  2 gnolls (D:2)
  An adder (D:2)
  2 worms (D:2)
  A dart slug (D:1)
  4 bats (D:1)
  3 endoplasms (D:1)
  2 giant cockroaches (D:1)
  6 hobgoblins
  3 kobolds (D:1)
  A quokka (D:1)
  A ball python (D:1)
  4 frilled lizards
  3 goblins (D:1)
  4 rats (D:1)
37 creatures vanquished.

Notes
Turn   | Place    | Note
-------+----------+-------------------------------------------
     0 | D:1      | Ijustatesigmund the Octopode Venom Mage began the quest for
                  | the Orb.
     0 | D:1      | Reached XP level 1. HP: 11/11 MP: 3/3
   132 | D:1      | Reached XP level 2. HP: 16/18 MP: 3/5
   135 | D:1      | Learned a level 2 spell: Poisonous Vapours
   194 | D:1      | Reached skill level 4 in Poison Magic
   200 | D:1      | Reached skill level 1 in Fighting
   430 | D:2      | Reached XP level 3. HP: 23/23 MP: 6/6
   434 | D:2      | Learned a level 3 spell: Mephitic Cloud
  1283 | D:2      | Reached skill level 1 in Air Magic
  1610 | D:2      | Reached XP level 4. HP: 16/28 MP: 7/7
  1616 | D:2      | Slain by a gnoll

Illustrated notes

Levels and vault maps discovered:
D:1:      lightli_arrival_noodles, layout_loops_cross, minmay_box_of_dots
D:2:      cheibrodos_old_hovel, layout_rooms, minmay_tetromino_s4

Skill      XL: |  1  2  3 |
---------------+----------+-----
Poison Magic   | 4 |  4.3
Fighting       | 1 |  1.6
Air Magic      | 1 |  1.2
Dodging        | |  2.0
Stealth        | |  2.6
Spellcasting   | |  2.6
Conjurations   | |  0.9
Transmutations | |  1.0

Action                     |  1- 3 |  4- 6 || total
---------------------------+-------+-------++-------
  Melee: Short sword       |    57 |     3 ||    60
         Constrict         |    18 |     2 ||    20
         Tentacles         |    11 |     3 ||    14
         Punch             |     2 |       ||     2
         Unarmed           |     1 |       ||     1
   Cast: Sting             |    16 |     2 ||    18
         Poisonous Vapours |    23 |       ||    23
    Use: Scroll            |     4 |       ||     4
         Potion            |       |     2 ||     2
   Stab: Sleeping          |     3 |       ||     3
 Armour: Skin              |     3 |       ||     3
  Dodge: Dodged            |    47 |     2 ||    49

Table legend: (Time is in decaauts)
 A = Elapsed time spent in this place.
 B = Non-inter-level travel time spent in this place.
 C = Inter-level travel time spent in this place.
 D = Time resting spent in this place.
 E = Time spent auto-exploring this place.
 F = Levels seen in this place.
 G = Mean time per level.
                   A        B        C        D        E       F      G
               +--------+--------+--------+--------+--------+-----+--------+
         Total |   1615 |   1597 |     18 |    404 |    917 |   2 |  807.5 |
       Dungeon |   1615 |   1597 |     18 |    404 |    917 |   2 |  807.5 |
               +--------+--------+--------+--------+--------+-----+--------+

Top non-repeatable levels by time:
     D:1: 1031 daAuts
     D:2: 584 daAuts
